AoeStats
← JakeElPerro

Black Forest

509799271Analyzed
4v4 RM · 4d ago on Sep 28, 2026· 50m 33s· 8 players
Game mode
Random Map
Map size
Large (8 player)
Population
200
Speed
Normal
Resources
Standard
Victory
Conquest
Starting age
Dark Age
Ending age
Imperial Age
RankedLock teamsTeams togetherTeam positionsShared explorationLock speedFull tech treeHidden civsTurbo modeCheats
Victory
Defeat
🇺🇸 Slavs · United States
759
+12
🇲🇽 Britons · Mexico
721
+13
🇲🇽 Persians · Mexico
701
+14
🇦🇷 Chinese · Argentina
591
+19
🇨🇷 Turks · Costa Rica
684
-15
🇺🇸 Byzantines · United States
677
-15
🇲🇽 Khmer · Mexico
675
-15
🇮🇳 Varangians · India
615
-13
DaveyJones
0:41 Loom
13:14 Feudal Age
15:08 Wheelbarrow
15:09 Double-Bit Axe
15:31 Horse Collar
23:02 Castle Age
22:19 Gold Mining
22:23 Stone Mining
22:42 Scale Mail Armor
23:44 Heavy Plow
23:58 Bow Saw
24:53 Pikeman
28:09 Forging
28:02 Squires
27:28 Elite Skirmisher
30:00 Gold Shaft Mining
29:45 Fortified Wall
32:19 Hand Cart
35:46 Imperial Age
35:53 Imperial Age
33:30 Fletching
34:25 Padded Archer Armor
35:41 Bodkin Arrow
36:25 Iron Casting
36:45 Husbandry
36:10 Heavy Camel Rider
36:12 Light Cavalry
36:34 Halberdier
37:30 Bodkin Arrow
37:42 Scale Barding Armor
40:01 Chain Mail Armor
39:14 Light Cavalry
41:53 Hussar
45:53 Chemistry
murphyrh
1:19 Loom
14:18 Feudal Age
19:41 Castle Age
23:03 Caravan
25:21 Fishing Lines
28:31 Gillnets
31:20 Stone Mining
31:21 Gold Mining
31:21 Double-Bit Axe
31:22 Horse Collar
32:01 Fortified Wall
35:46 Imperial Age
33:15 Town Watch
34:20 Wheelbarrow
34:27 Heavy Plow
34:41 Bow Saw
35:19 Stone Shaft Mining
36:50 Hand Cart
36:36 Town Patrol
37:50 Chemistry
36:46 Murder Holes
37:13 Heavy Scorpion
38:40 Elite Ballista Elephant
39:41 Conscription
40:13 Cavalier
40:53 Husbandry
41:04 Bloodlines
41:29 Double Crossbow
41:44 Capped Ram
43:04 Tusk Swords
43:47 Ballistics
43:59 Siege Ram
46:11 Scale Barding Armor
46:06 Scale Mail Armor
46:17 Forging
45:58 Fletching
46:09 Padded Archer Armor
46:18 Siege Engineers
47:35 Chain Barding Armor
47:30 Chain Mail Armor
GhostQuery72
12:08 Loom
15:12 Feudal Age
17:14 Double-Bit Axe
24:01 Horse Collar
26:26 Castle Age
28:40 Scale Mail Armor
28:50 Forging
28:25 Fishing Lines
30:41 Wheelbarrow
30:48 Gillnets
34:12 Hand Cart
33:42 Town Watch
34:14 Chain Mail Armor
37:06 Heavy Plow
37:19 Bow Saw
38:33 Pikeman
39:14 Squires
38:59 Arson
39:00 Gambesons
39:55 Iron Casting
41:41 Stone Mining
41:42 Gold Mining
45:11 Imperial Age
42:45 Town Patrol
46:03 Elite Varangian Guard
Wobbuffet3383
1:00 Loom
15:12 Feudal Age
24:33 Castle Age
23:48 Fishing Lines
24:44 Double-Bit Axe
27:35 Bow Saw
35:47 Imperial Age
34:03 Gillnets
39:37 Ballistics
39:26 Artillery
39:47 Sipahi
mosesdretg
14:10 Feudal Age
15:02 Double-Bit Axe
15:57 Horse Collar
20:37 Castle Age
21:36 Bow Saw
23:44 Loom
24:34 Wheelbarrow
25:43 Heavy Plow
28:32 Hand Cart
30:34 Gold Mining
30:35 Stone Mining
31:51 Gold Shaft Mining
34:02 Imperial Age
33:13 Scale Mail Armor
34:46 Chain Mail Armor
34:07 Elite Boyar
35:01 Detinets
36:12 Two-Man Saw
36:03 Plate Mail Armor
35:06 Pikeman
35:47 Squires
37:26 Druzhina
36:56 Halberdier
38:11 Siege Engineers
39:17 Scale Barding Armor
JakeElPerro
0:30 Loom
15:30 Feudal Age
17:22 Wheelbarrow
22:21 Castle Age
20:29 Arson
21:02 Double-Bit Axe
21:00 Horse Collar
21:13 Stone Mining
21:26 Gold Mining
28:09 Town Watch
29:04 Caravan
29:23 Hand Cart
32:48 Imperial Age
30:59 Bow Saw
30:52 Heavy Plow
30:31 Pikeman
31:16 Squires
32:52 Gold Shaft Mining
34:01 Conscription
35:21 Padded Archer Armor
35:12 Fletching
36:03 Elite Longbowman
36:56 Bodkin Arrow
38:01 Yeomen
39:02 Chemistry
38:27 Ballistics
38:52 Leather Archer Armor
39:26 Bracer
40:03 Ring Archer Armor
41:04 Halberdier
44:53 Scale Barding Armor
44:49 Scale Mail Armor
44:59 Forging
45:02 Masonry
48:58 Coinage
48:39 Guilds
arhogamer
0:48 Loom
15:37 Feudal Age
17:03 Wheelbarrow
16:12 Horse Collar
16:21 Double-Bit Axe
16:28 Stone Mining
16:36 Gold Mining
23:19 Castle Age
24:05 Hand Cart
24:12 Bow Saw
24:43 Heavy Plow
25:13 Caravan
32:17 Imperial Age
29:33 Town Watch
30:44 Stone Shaft Mining
30:56 Gold Shaft Mining
33:59 Chemistry
33:20 Ballistics
32:50 Guard Tower
32:51 Heated Shot
32:56 Murder Holes
33:11 Masonry
33:31 Conscription
34:08 Town Patrol
36:58 Crop Rotation
36:11 Elite War Elephant
38:08 Two-Man Saw
39:21 Kamandaran
40:30 Heavy Scorpion
40:31 Capped Ram
40:34 Cavalier
41:14 Husbandry
44:15 Crossbowman
45:00 Thumb Ring
44:16 Elite Skirmisher
44:20 Savar
45:18 Scale Barding Armor
45:14 Scale Mail Armor
45:24 Forging
45:04 Fletching
45:15 Padded Archer Armor
46:57 Bloodlines
47:21 Chain Barding Armor
47:16 Chain Mail Armor
47:21 Guilds
47:42 Coinage
47:42 Citadels
47:03 Sappers
48:09 Hoardings
49:01 Iron Casting
48:21 Bodkin Arrow
lichoring7
12:33 Feudal Age
14:03 Wheelbarrow
13:13 Horse Collar
17:57 Gold Mining
18:35 Double-Bit Axe
19:38 Padded Archer Armor
19:29 Fletching
25:05 Castle Age
23:02 Stone Mining
25:54 Heavy Plow
26:13 Hand Cart
26:11 Bow Saw
26:07 Caravan
26:35 Forging
30:51 Gold Shaft Mining
30:52 Stone Shaft Mining
30:48 Fervor
30:43 Devotion
31:13 Scale Mail Armor
31:29 Leather Archer Armor
31:10 Bodkin Arrow
31:51 Iron Casting
35:18 Ballistics
35:33 Chain Mail Armor
37:58 Imperial Age
36:59 Loom
39:48 Chemistry
39:21 Ring Archer Armor
38:51 Bracer
39:53 Blast Furnace
39:24 Plate Mail Armor
40:00 Conscription
40:58 Elite Chu Ko Nu
44:15 Elite Fire Lancer
50:22 Squires
50:08 Arson
51:18 Rocketry
Connection lost

Rejoining the realm…

Still unreachable

The connection could not be restored.

Session expired

The server has moved on; the page needs a fresh start.